 Dungeon Crawl Stone Soup version 0.24.1-14-gf8d2b509d9 (webtiles) character file.

Game seed: 18332211629738016604, levelgen mode: deterministic

19 MajorAdolf the Chiller (level 2, 15/26 HPs)
             Began as a Naga Wanderer on May 19, 2020.
             Quit the game on level 1 of the Dungeon on Dec 23, 2020.
             The game lasted 00:01:25 (998 turns).

MajorAdolf the Chiller (Naga Wanderer)               Turns: 998, Time: 00:01:26

Health: 15/26      AC:  1    Str: 15    XL:     2   Next: 75%
Magic:  2/2        EV:  6    Int: 11    God:
Gold:   13         SH:  7    Dex: 10    Spells: 1/1 levels left

rFire    . . .     SeeInvis +   (no weapon)
rCold    . . .     Gourm    .   e - +0 shield
rNeg     . . .     Faith    .   d - +0 robe
rPois    +         Spirit   .   (no helmet)
rElec    .         Reflect  .   (no cloak)
rCorr    .         Harm     .   (no gloves)
MR       .....                  (no barding)
Stlth    +.........             (no amulet)
HPRegen  0.08/turn              (no ring)
MPRegen  0.08/turn              (no ring)

@: very slow
A: large, see invisible, deformed body, poison resistance, slowness 2, slow
metabolism 1, spit poison 1, AC +0
a: Spit Poison


You were on level 1 of the Dungeon.
You were not hungry.

You visited 1 branch of the dungeon, and saw 1 of its levels.

You collected 13 gold pieces.

Inventory:

Armour
 d - a +0 robe (worn)
 e - a +0 shield (worn)
Comestibles
 f - a ration


   Skills:
 + Level 2.0 Fighting
   Level 1.0 Bows
 - Level 1.0 Throwing
 - Level 1.0 Armour
 + Level 1.6 Shields
   Level 3.0 Ice Magic
   Level 2.0 Earth Magic


You had one spell level left.
You didn't know any spells.
Your spell library contained the following spells:

 Spells                   Type           Power        Failure   Level  Hunger
 Freeze                   Ice            #...         45%         1    ##.....
 Flame Tongue             Conj/Fire      #....        86%         1    ##.....
 Ozocubu's Armour         Chrm/Ice       #.......     95%         3    ####...
 Inner Flame              Hex/Fire       #.......     99%         3    ####...


Dungeon Overview and Level Annotations

Branches:
Dungeon (1/15)

Altars:


Innate Abilities, Weirdness & Mutations

You cannot wear boots.
Your serpentine skin is tough. (AC +0)
You have supernaturally acute eyesight. (SInv)
Armour fits poorly on your strangely shaped body.
Your system is resistant to poisons. (rPois)
You cover ground very slowly.
You have a slow metabolism.
You can spit poison.


Message History

You miss the bat.
The bat is moderately wounded.
The bat hits you.
You barely miss the bat.
The bat is moderately wounded.
The bat hits you but does no damage. The bat hits you but does no damage.
The leopard gecko bites you but does no damage.
Welcome back, MajorAdolf the Naga Wanderer.
Press ? for a list of commands and other information.
Unknown command.
Unknown command.
Unknown command.
Unknown command.
Unknown command.
Are you sure you want to abandon this character and quit the game? (Confirm with "yes".)
Okay, then.
Are you sure you want to abandon this character and quit the game? (Confirm with "yes".)
Okay, then.
Are you sure you want to abandon this character and quit the game? (Confirm with "yes".)

..####?#.............#
............###.###.# .
.........# #.....#
#.#.#.?....# #.....#
#.#.#..†######....## #
#....?............#
##..#.#.##..######....#
...........>... .......
###.###@##########.#####
#....l# ..#
#.......b.....# ####
..#.........#.#
#.###.#.#.# #. ..#.# # #
#.#.# #.. . #.# #


You could see a leopard gecko and a bat.

Vanquished Creatures
  An ooze (D:1)
  A leopard gecko (D:1)
  A bat (D:1)
  2 giant cockroaches (D:1)
  2 goblins (D:1)
  A jackal (D:1)
  A kobold (D:1)
  4 rats (D:1)
13 creatures vanquished.

Notes
Turn   | Place    | Note
-------+----------+-------------------------------------------
     0 | D:1      | MajorAdolf the Naga Wanderer began the quest for the Orb.
     0 | D:1      | MajorAdolf set off with the following items: a +0 club, a
                  | +0 robe, a +0 shield, a ration; and the following spells
                  | available to memorise: Freeze, Flame Tongue, Ozocubu's
                  | Armour, Inner Flame
     0 | D:1      | Reached XP level 1. HP: 18/18 MP: 1/1
   329 | D:1      | Reached XP level 2. HP: 17/25 MP: 2/2
   998 | D:1      | Quit the game

Levels and vault maps discovered:
D:1:      dpeg_arrival_prison, layout_basic

Skill      XL: |  1  2 |
---------------+-------+-----
Fighting       | 2 |  2.0
Bows           | |  1.0
Throwing       | |  1.0
Armour         | |  1.0
Shields        | |  1.6
Ice Magic      | |  3.0
Earth Magic    | |  2.0

Action                   || total
-------------------------++-------
Melee: Unarmed           ||    49
       Club              ||     8
 Abil: Spit Poison       ||    10
Armor: Robe              ||    23
Dodge: Dodged            ||    29
Block: Shield            ||    33
